 Dungeon Crawl Stone Soup version 0.30-a0-6-g7c9e10e132 (webtiles) character file.

Game seed: 16761480438508549886

11 purpskrrrp the Trooper (level 2, -8/23 HPs)
             Began as a Minotaur Abyssal Knight on Aug 22, 2022.
             Was a Follower of Hepliaklqana.
             Mangled by a small abomination (17 damage)
             ... created by the touch of Lugonu
             ... on level 1 of the Dungeon.
             The game lasted 00:01:41 (704 turns).

purpskrrrp the Trooper (Minotaur Abyssal Knight)     Turns: 704, Time: 00:01:42

Health: -8/23      AC:  3    Str: 17    XL:     2   Next: 17%
Magic:  2/2        EV: 11    Int:  7    God:    Hepliaklqana [*.....]
Gold:   48         SH:  0    Dex: 10    Spells: 1/1 levels left

rFire   . . .      SeeInvis .    a - +1 mace
rCold   . . .      Faith    .    (no shield)
rNeg    . . .      Spirit   .    b - +0 leather armour
rPois   .          Reflect  .    (helmet restricted)
rElec   .          Harm     .    (no cloak)
rCorr   .          Rampage  .    (no gloves)
Will    .....                    (no boots)
Stlth   +.........               (no amulet)
HPRegen 0.07/turn                (no ring)
MPRegen 0.08/turn                (no ring)

@: slowed, very slow
A: reduced essence, horns 2, retaliatory headbutt
a: Renounce Religion, Recall Ancestor, Ancestor Identity


You were on level 1 of the Dungeon.
You worshipped Hepliaklqana.
Hepliaklqana was aware of your devotion.
You visited 1 branch of the dungeon, and saw 1 of its levels.
You visited the Abyss 1 time.

You collected 48 gold pieces.

Inventory:

Hand Weapons
 a - a +1 mace (weapon)
Armour
 b - a +0 leather armour (worn)
Scrolls
 c - a scroll of enchant weapon {unknown}
 f - 2 scrolls of butterflies {unknown}
 g - a scroll of summoning {unknown}
 h - 2 scrolls of identify {unknown}
Potions
 d - a potion of resistance {unknown}
 e - 2 potions of mutation {unknown}
 i - a potion of magic {unknown}
 j - a potion of heal wounds {unknown}


   Skills:
 - Level 3.6 Fighting
 * Level 3.2 Maces & Flails
 + Level 2.8 Armour
 - Level 1.1 Dodging
 - Level 1.7 Invocations


You had one spell level left.
You didn't know any spells.
Your spell library was empty.

Dungeon Overview and Level Annotations

Branches:
Dungeon (1/15)

Altars:
Hepliaklqana


Innate Abilities, Weirdness & Mutations

Your life essence is reduced to manifest your ancestor. (-10% HP)
You have a pair of horns on your head.
You reflexively headbutt those who attack you in melee.


Message History

The ball python bites you but does no damage.
The ball python closely misses you.
You closely miss the ball python.
Bolek closely misses the ball python.
The ball python bites you. The ball python closely misses you.
Bolek misses the ball python.
The ball python misses you. The ball python barely misses you.
You hit the ball python.
You kill the ball python!
No target in view!
No target in view!
No target in view!
No target in view!
No target in view!
No target in view!
No target in view!
No target in view!
No target in view!
No target in view!
No target in view!
Lugonu's wrath scatters you! Lugonu sends minions to punish you.
The divine experience drains your vigour!
You feel yourself slow down. 2 small abominations come into view.
You barely miss the small abomination.
Your headbutt misses the small abomination.
Bolek closely misses the small abomination.
Bolek hits the small abomination but does no damage.
You closely miss the small abomination.
You headbutt the small abomination, but do no damage.
Bolek barely misses the small abomination.
The small abomination barely misses you.
The small abomination hits you.
Bolek hits the small abomination.
You hit the small abomination.
The small abomination is moderately damaged.
The small abomination barely misses you.
The small abomination hits you!
Bolek closely misses the small abomination.
The small abomination hits you!
Ouch! That really hurt!
You die...

.# #.# # .# #.# #.# #######
.####.# ##.# #...... ......#
#... #.##### .###### #..# #.#
## #..## #######.##### # #...
............. ### #x†#
#######.##### ..#
#R@##########.# #.#
#x.......)....# #.#
#..##########.#
..#############..##########.#
...........#................#
.....#####R#.##..##########.#
####................ ...# #.#
# #.#####....##.######.###.#
####.# #....##.#..........#


You could see the friendly Bolek the ancestor and 2 small abominations.

Vanquished Creatures
  A giant cockroach (D:1)
  A goblin (D:1)
  2 hobgoblins (D:1)
  A kobold (D:1)
  3 ball pythons (D:1)
  A bat (D:1)
  A frilled lizard (D:1)
  A rat (D:1)
11 creatures vanquished.

Notes
Turn   | Place    | Note
-------+----------+-------------------------------------------
     0 | Abyss:1  | purpskrrrp the Minotaur Abyssal Knight began the quest for
                  | the Orb.
     0 | Abyss:1  | Reached XP level 1. HP: 19/19 MP: 1/1
   104 | Abyss:1  | Noticed an efreet
   105 | D:1      | Escaped the Abyss
   198 | D:1      | Found a faded altar of an unknown god.
   229 | D:1      | Prayed at the altar of an unknown god.
   229 | D:1      | Fell from the grace of Lugonu
   229 | D:1      | Became a worshipper of Hepliaklqana the Forgotten
   229 | D:1      | Reached * piety under Hepliaklqana
   433 | D:1      | Reached XP level 2. HP: 19/23 MP: 2/2
   702 | D:1      | Noticed a small abomination
   702 | D:1      | Noticed a small abomination
   704 | D:1      | Mangled by a small abomination

Illustrated notes

Levels and vault maps discovered:
D:1:      dpeg_arrival_rhombus, layout_loops_ring,
          hellmonk_ecumenical_altar_inner_sanctum

Skill      XL: |  1 |
---------------+----+-----
Maces & Flails | 3 |  3.2
Fighting       | |  3.6
Armour         | |  2.8
Dodging        | |  1.1
Invocations    | |  1.7

Action                   || total
-------------------------++-------
Melee: Mace              ||    27
       Headbutt          ||     2
       Punch             ||     1
Invok: Depart the Abyss  ||     1
       Ancestor Identity ||     1
Armor: Leather armour    ||     6
Dodge: Dodged            ||    19

Table legend: (Time is in decaauts)
 A = Elapsed time spent in this place.
 B = Non-inter-level travel time spent in this place.
 C = Inter-level travel time spent in this place.
 D = Time resting spent in this place.
 E = Time spent auto-exploring this place.
 F = Levels seen in this place.
 G = Mean time per level.
                   A        B        C        D        E       F      G
               +--------+--------+--------+--------+--------+-----+--------+
         Total |    711 |    711 |      0 |      0 |    617 |   2 |  355.5 |
       Dungeon |    606 |    606 |      0 |      0 |    513 |   1 |  606.0 |
         Abyss |    105 |    105 |      0 |      0 |    104 |   1 |  105.0 |
               +--------+--------+--------+--------+--------+-----+--------+

Top non-repeatable levels by time:
     D:1: 606 daAuts
 Abyss:1: 105 daAuts
